 Dungeon Crawl Stone Soup version 0.28.0-53-g5a82cb258f (webtiles) character file.

Game seed: 2219519458644226116

2671 mcbry74 the Grappler (level 9, -2/84 HPs)
             Began as a Troll Fighter on July 1, 2022.
             Engulfed by a steam dragon's steam (7 damage)
             ... on level 8 of the Dungeon.
             The game lasted 00:22:35 (6718 turns).

mcbry74 the Grappler (Troll Fighter)                Turns: 6718, Time: 00:22:36

Health: -2/84      AC:  4    Str: 28    XL:     9   Next: 37%
Magic:  8/8        EV:  8    Int:  6    God:
Gold:   207        SH:  7    Dex:  9    Spells: 8/8 levels left

rFire   . . .      SeeInvis .     - Unarmed
rCold   . . .      Faith    .   b - +0 kite shield
rNeg    . . .      Spirit   .   a - +0 robe
rPois   .          Reflect  .   (helmet restricted)
rElec   .          Harm     .   (no cloak)
rCorr   .          Rampage  .   (gloves unavailable)
Will    .....                   (boots unavailable)
Stlth   +.........              (no amulet)
HPRegen 1.04/turn               (no ring)
MPRegen 0.11/turn               (no ring)

@: no status effects
A: large, unfitting armour, claws 3, regeneration 1, shaggy fur 1, tough skin 1
a: no special abilities


You were on level 8 of the Dungeon.
You visited 2 branches of the dungeon, and saw 9 of its levels.
You also visited: Sewer.

You collected 267 gold pieces.
You spent 60 gold pieces at shops.

Inventory:

Hand Weapons
 m - a +1 flail of protection
Missiles
 e - a curare-tipped dart
 i - 236 stones
 k - a throwing net
 s - 12 poisoned darts (quivered)
 u - 8 boomerangs
 y - 2 large rocks
Armour
 a - a +0 robe (worn)
 b - a +0 kite shield (worn)
Jewellery
 g - a ring of fire
 x - a ring of wizardry
Wands
 w - a wand of acid (7)
 B - a wand of polymorph (14)
Scrolls
 f - a scroll of fog
 h - a scroll of vulnerability
 j - 2 scrolls of amnesia
 n - a scroll of fear
 o - a scroll of immolation
 t - a scroll of magic mapping {unknown}
 v - a scroll of noise {unknown}
 A - 3 scrolls of teleportation {unknown}
 C - 3 scrolls of identify
Potions
 c - 2 potions of might
 d - 2 potions of curing
 l - 2 potions of lignification {unknown}
 p - 6 potions of heal wounds
 q - a potion of degeneration {unknown}
 r - 3 potions of flight
 z - a potion of brilliance {unknown}


   Skills:
 - Level 4.0 Fighting
 + Level 3.4 Throwing
 + Level 2.1 Armour
 - Level 2.4 Dodging
 - Level 2.4 Shields
 - Level 11.0 Unarmed Combat
 + Level 1.9 Evocations


You had 8 spell levels left.
You didn't know any spells.
Your spell library contained the following spells:

 Spells                   Type           Power      Damage    Failure   Level
 Slow                     Hex            0%         N/A       77%         1
 Confusing Touch          Hex            0%         N/A       98%         3
 Conjure Flame            Conj/Fire      0%         6-21      98%         3
 Ignite Poison            Fire/Tmut/Pois 0%         N/A       98%         3
 Summon Guardian Golem    Hex/Summ       0%         N/A       98%         3
 Vampiric Draining        Necr           0%         2d6       98%         3
 Sticky Flame             Conj/Fire      0%         2d3       100%        4
 Orb of Destruction       Conj           0%         9d5       100%        7
 Spellforged Servitor     Conj/Summ      0%         N/A       100%        7


Dungeon Overview and Level Annotations

Branches:
Dungeon (8/15)             Temple (1/1) D:6           Sewer (visited)
   Lair: D:8-11

Altars:
Ashenzari
Dithmenos
Elyvilon
Fedhas
Gozag
Hepliaklqana
Kikubaaqudgha
Makhleb
Nemelex Xobeh
Qazlal
Ru
Sif Muna
Trog
Uskayaw
Wu Jian
Xom
Yredelemnul
Zin
The Shining One

Shops:
D:1 ?   D:4 :


Innate Abilities, Weirdness & Mutations

You are too large for most types of armour.
You have claws for hands.
Your natural rate of healing is unusually fast.
You are covered in fur. (AC +1)
You have tough skin. (AC +1)


Message History

The ogre mage is engulfed in a cloud of scalding steam.
A steam dragon comes into view.
The steam dragon hisses angrily.
A bullfrog comes into view.
The bullfrog croaks.
The steam dragon breathes steam at you. The ball of steam hits you!
You are engulfed in a cloud of scalding steam.
The steam dragon breathes steam at you. The ball of steam hits you!
There is a stone staircase leading up here.
You climb upwards.
There is a stone staircase leading down, spattered with blood here.
You start resting.
HP restored.
You climb downwards.
You hear the hiss of flowing sand.
There is an entrance to an ossuary on this level.
Hurry and find it before the portal is buried!
You hear the hiss of an avalanche of sand.
There is a stone staircase leading up here.
The ogre mage mumbles some strange words.
The ogre mage flickers and vanishes!
Deactivating autopickup; reactivate with Ctrl-A.
You mangle something!! Something hits you!
You completely miss something. Something hits you!
You closely miss something. You barely miss something. Something hits you.
You miss something.
You hear some strange, mumbled words.
A bolt of magma appears from out of thin air!
The bolt of magma hits you!!
You claw something! Something hits you!
* * * LOW HITPOINT WARNING * * *
The steam dragon breathes steam at you. The ball of steam hits you!!
* * * LOW HITPOINT WARNING * * *
You hear a shout!
You claw something!
You are engulfed in a cloud of scalding steam.
You die...

### #.# ##...##.#
### ###
.....#..#♣♣.♣♣ ♣..
........#♣...♣♣♣♣.
#........§...♣♣
####.#♣.§§♣♣♣D♣
#..#♣♣§♣♣ ♣♣.
#######..# ### ##
#§@{DD..##
###.#####..# ♣♣
.###.###<..# #.##
♣. #......[[###
#.# ♣. ..##.#####
#.# ♣. ..# ♣. ###
♣


You could see 2 steam dragons.

Vanquished Creatures
  A cyclops (D:7)
  Menkaure (D:4)
  A black bear (D:6)
  Pargi (D:4)
  An ice beast (D:6)
  3 ogres
  A necrophage (D:5)
  A centaur (D:7)
  A phantom (D:5)
  2 kobold brigands (Sewer)
  A wyvern zombie (D:8)
  2 wyvern skeletons
  2 scorpions
  5 wights
  3 electric eels (D:6)
  A bullfrog zombie (D:7)
  3 jellies
  A gnoll shaman (D:7)
  3 orc priests (D:6)
  A hound (D:4)
  An iguana (D:4)
  5 orc wizards
  Natasha (thrice) (D:4)
  A scorpion zombie (D:5)
  2 killer bee zombies
  5 adders
  A white imp (D:7)
  An ufetubus (D:5)
  An adder skeleton (D:4)
  2 dart slugs
  A worm (D:3)
  15 orcs
  4 bats
  5 endoplasms
  6 giant cockroaches
  6 goblins
  16 hobgoblins
  14 jackals
  7 kobolds
  4 quokkas
  14 ball pythons
  4 frilled lizards (D:3)
  14 rats
167 creatures vanquished.

Vanquished Creatures (others)
  2 plants (D:6)
2 creatures vanquished.

Grand Total: 169 creatures vanquished

Notes
Turn   | Place    | Note
-------+----------+-------------------------------------------
     0 | D:1      | mcbry74 the Troll Fighter began the quest for the Orb.
     0 | D:1      | Reached XP level 1. HP: 22/22 MP: 0/0
    44 | D:1      | Found Biec's Magic Scroll Shoppe.
    87 | D:1      | Reached XP level 2. HP: 26/29 MP: 1/1
   129 | D:1      | Reached skill level 3 in Unarmed Combat
   157 | D:1      | Found a faded altar of an unknown god.
   157 | D:1      | Noticed a golden eye
   160 | D:1      | Noticed a floating eye
   160 | D:1      | Noticed a shining eye
   160 | D:1      | Noticed a golden eye
   304 | D:1      | Reached XP level 3. HP: 32/36 MP: 2/2
   746 | D:2      | Reached skill level 4 in Unarmed Combat
   999 | D:2      | Reached XP level 4. HP: 8/44 MP: 3/3
  1358 | D:3      | Noticed a scorpion
  1568 | D:3      | Killed a scorpion
  1569 | D:3      | Reached skill level 5 in Unarmed Combat
  1569 | D:3      | Reached XP level 5. HP: 10/50 MP: 4/4
  1970 | D:4      | Noticed Natasha
  1982 | D:4      | Killed Natasha
  2089 | D:4      | Noticed Natasha
  2094 | D:4      | Killed Natasha
  2095 | D:4      | Reached skill level 6 in Unarmed Combat
  2140 | D:4      | Noticed Pargi
  2141 | D:4      | Noticed an ogre
  2155 | D:4      | Killed Pargi
  2156 | D:4      | Reached XP level 6. HP: 57/59 MP: 5/5
  2161 | D:4      | Reached skill level 7 in Unarmed Combat
  2226 | D:4      | Noticed Menkaure
  2250 | D:4      | Killed Menkaure
  2251 | D:4      | Reached skill level 8 in Unarmed Combat
  2251 | D:4      | Reached XP level 7. HP: 37/66 MP: 6/6
  2318 | D:4      | Noticed Natasha
  2331 | D:4      | Killed Natasha
  2500 | D:1      | Bought a scroll of identify for 20 gold pieces
  2500 | D:1      | Bought a scroll of identify for 20 gold pieces
  2500 | D:1      | Bought a scroll of identify for 20 gold pieces
  2728 | D:4      | Found a hazy altar of Hepliaklqana.
  2730 | D:4      | Found a shadowy altar of Dithmenos.
  2730 | D:4      | Noticed a shadow
  2759 | D:4      | Found Pymm's Book Shop.
  3143 | D:5      | Entered Level 5 of the Dungeon
  3225 | D:5      | Reached skill level 9 in Unarmed Combat
  3248 | D:5      | Found a glowing silver altar of Zin.
  3276 | D:5      | Reached XP level 8. HP: 71/73 MP: 7/7
  3583 | D:5      | Found a glowing drain.
  3596 | Sewer    | Entered a sewer
  3810 | Sewer    | Reached skill level 10 in Unarmed Combat
  3892 | Sewer    | Found a white marble altar of Elyvilon.
  4447 | D:5      | Found a burning altar of Makhleb.
  4788 | D:6      | Reached skill level 11 in Unarmed Combat
  4938 | D:6      | Found a staircase to the Ecumenical Temple.
  4961 | Temple   | Entered the Ecumenical Temple
  5220 | D:6      | Reached skill level 1 in Throwing
  5973 | D:7      | Noticed a cyclops
  5994 | D:7      | Killed a cyclops
  5995 | D:7      | Reached skill level 1 in Armour
  5995 | D:7      | Reached skill level 1 in Evocations
  5995 | D:7      | Reached XP level 9. HP: 48/84 MP: 8/8
  6090 | D:7      | Found a broken altar of Ashenzari.
  6643 | D:8      | Noticed an ogre mage
  6643 | D:8      | Noticed a troll
  6644 | D:8      | Noticed a green ugly thing
  6718 | D:8      | Engulfed by a steam dragon's steam

Illustrated notes

Levels and vault maps discovered:
D:1:      scummos_arrival_forest, layout_rooms, serial_shops, shop_fountains,
          hellmonk_ecumenical_altar_watching_god
D:2:      layout_rooms, minmay_goblin_outpost
D:3:      layout_loops_cross, minmay_misc_feat_five, eino_tiny_chamber
D:4:      layout_loops_ring, riverfiend_overflow_shadow_ancestor, serial_shops,
          shop, nicolae_elevator_lobby_plus, uniq_pargi, uniq_menkaure,
          uniq_natasha
D:5:      layout_basic, kennysheep_mini, mainiacjoe_overflow_brackets,
          portal_sewer_entry_b
D:6:      layout_basic, temple_doors_cd, serial_bayou_lagoon_b
D:7:      layout_rooms, lemuel_round_altar, st_stairs_2,
          hangedman_abyss_or_decor_stabs
D:8:      nzn_winding_woodlands_large [nzn_winding_woodlands_5x5_checkerboard,
          nzn_winding_woodlands_5x15_cabin, nzn_winding_woodlands_5x5_cross,
          nzn_winding_woodlands_center_triple_pond,
          nzn_winding_woodlands_15x15_killbox,
          nzn_winding_woodlands_center_lodge, nzn_winding_woodlands_5x5_default,
          nzn_winding_woodlands_5x15_pockets,
          nzn_winding_woodlands_5x5_closed_star], layout_rooms,
          kennysheep_little_box, dpeg_lair_monsters,
          lightli_ossuary_entry_decrepit_ruins,
          ploomutoo_gammafunk_ghost_potion_laboratory, uniq_joseph, uniq_psyche
Temple:   dpeg_chambers_temple

Skill      XL: |  1  2  3  4  5  6  7  8  9 |
---------------+----------------------------+-----
Unarmed Combat | 3 4 5 6 8 9 11 | 11.0
Throwing       | 2 3 |  3.4
Fighting       | 3 4 |  4.0
Armour         | 1 2 |  2.1
Evocations     | 1 |  1.9
Dodging        | |  2.4
Shields        | |  2.4

Action                   |  1- 3 |  4- 6 |  7- 9 || total
-------------------------+-------+-------+-------++-------
Melee: Unarmed           |   119 |   125 |   247 ||   491
Throw: Dart              |       |       |     1 ||     1
  Use: Potion            |       |     2 |       ||     2
       Scroll            |       |       |     6 ||     6
Armor: Robe              |    52 |    39 |    57 ||   148
Dodge: Dodged            |    54 |    41 |    69 ||   164
Block: Kite shield       |    43 |    29 |    63 ||   135
